 Dungeon Crawl Stone Soup version 0.31-a0-237-g2d982f9f85 (webtiles) character file.

Game seed: 14471544663391671754

186 qw the Shooter (level 5, 0/31 HPs)
             Began as a Gargoyle Hexslinger on July 11, 2023.
             Was an Initiate of Okawaru.
             Slain by a gnoll
             ... wielding a +0 spear
             ... led by a gnoll bouda
              (2 damage)
             ... on level 4 of the Dungeon.
             The game lasted 00:01:04 (2469 turns).

qw the Shooter (Gargoyle Hexslinger)                Turns: 2469, Time: 00:01:05

Health: 0/31       AC: 11    Str: 16    XL:     5   Next: 65%
Magic:  6/6        EV: 16    Int: 13    God:    Okawaru [......]
Gold:   167        SH:  0    Dex: 14    Spells: 5/6 levels left

rFire   . . .        Y - +1 sling
rCold   . . .        (no shield)
rNeg    + . .        g - +0 ring mail
rPois   inf          k - +0 helmet
rElec   +            (no cloak)
rCorr   .            d - +0 pair of gloves
SInv    .            (no boots)
Will    .....        (no amulet)
Stlth   +            a - ring of Twilight {Fly rPois Str+4}
HPRegen 0.25/turn    m - +5 ring of evasion
MPRegen 0.10/turn

%: no passive effects
@: weakened, flying
A: sickness immunity, AC +4, negative energy resistance 1, electricity
resistance, torment resistance 1, petrification resistance
a: Renounce Religion


You were on level 4 of the Dungeon.
You worshipped Okawaru.
Okawaru was noncommittal.
You visited 1 branch of the dungeon, and saw 4 of its levels.

You collected 167 gold pieces.


Innate Abilities, Weirdness & Mutations

You are immune to sickness and miasma.
Your stone body is resilient. (AC +4)
You are immune to poison.
You resist negative energy. (rN+)
You are resistant to electric shocks. (rElec)
You are resistant to unholy torment.
You are immune to petrification.


   Skills:
 + Level 2.3 Fighting
 - Level 5.0 Ranged Weapons
 - Level 1.6 Armour
 - Level 1.5 Dodging
 - Level 1.0 Spellcasting
 - Level 2.6 Hexes


You had 5 spell levels left.
You knew the following spells:

 Your Spells              Type           Power      Damage    Failure   Level
a - Slow                  Hex            28%        N/A       17%         1

Your spell library contained the following spells:

 Spells                   Type           Power      Damage    Failure   Level
 Inner Flame              Hex/Fire       4%         N/A       65%         3
 Portal Projectile        Hex/Tloc       8%         N/A       65%         3
 Cause Fear               Hex            3%         N/A       86%         4

Inventory:

Hand Weapons
 Y - a +1 sling (weapon)
Armour
 c - a scarf of repulsion
 d - a +0 pair of gloves (worn)
 g - a +0 ring mail (worn)
 k - a +0 helmet (worn)
Jewellery
 a - the ring of Twilight (left hand) {Fly rPois Str+4}
   (You acquired it on level 1 of the Dungeon)

   [ring of flight]

   Str:       It affects your strength (+4).
   rPois:     It protects you from poison.
   Fly:       It grants you flight.
 m - a +5 ring of evasion (right hand)
Wands
 f - a wand of digging (5)
Scrolls
 b - a scroll of identify
Potions
 e - a potion of mutation {unknown}
 h - a potion of might {unknown}
 j - a potion of lignification {unknown}

Dungeon Overview and Level Annotations

Branches:
Dungeon (4/15)
 Temple: D:4-7

Altars:
Okawaru
Uskayaw

Annotations:
D:2 exclusion: gnoll


Message History

A gnoll comes into view. It is wielding a +0 spear.
The gnoll misses you. The gnoll closely misses you.
The gnoll hits you with a +0 club. The gnoll bouda barely misses you.
You shoot a sling bullet. The sling bullet hits the gnoll bouda!
The gnoll bouda is almost dead.
The gnoll misses you. The gnoll barely misses you.
The gnoll hits you but does no damage.
The gnoll bouda hits you but does no damage.
The gnoll barely misses you. x2
You shoot a sling bullet. The sling bullet hits the gnoll bouda.
The gnoll bouda is almost dead.
The gnoll hits you with a +0 club.
The gnoll bouda hits you with a +0 club.
The gnoll closely misses you. The gnoll completely misses you.
The gnoll closely misses you. The gnoll misses you.
You shoot a sling bullet.
The sling bullet hits the gnoll bouda but does no damage.
The gnoll bouda is almost dead.
The gnoll bouda hits you with a +0 club.
The gnoll closely misses you. The gnoll barely misses you.
The gnoll hits you but does no damage. The gnoll closely misses you.
You shoot a sling bullet.
The sling bullet closely misses the gnoll bouda.
The gnoll bouda mumbles some strange prayers to its god.
The gnoll bouda is healed somewhat.
The gnoll completely misses you. The gnoll hits you but does no damage.
The gnoll closely misses you. x2
The gnoll bouda gazes fiercely through you!
You feel your attacks grow feeble.
The gnoll bouda hits you but does no damage.
You shoot a sling bullet. The sling bullet hits the gnoll bouda.
The gnoll bouda is severely wounded.
The gnoll hits you but does no damage.
The gnoll hits you from afar with a +0 halberd.
The gnoll hits you but does no damage. The gnoll hits you with a +0 club.
The gnoll bouda barely misses you. The gnoll hits you with a +0 club.
You shoot a sling bullet. The sling bullet hits the gnoll bouda.
The gnoll bouda is severely wounded.
The gnoll misses you.
The gnoll hits you from afar with a +0 spear.
You die...

........ .......
.....# #....# ..
#....# .# #..
#...?##.###...
#.....#..#...##
#.g@..........#
#..gg.........#
#gg.##........#
##..............
.........).........
#........)%<.......
#.......)..........
.......)...).......
..........<........


You could see a gnoll bouda and 4 gnolls.

Vanquished Creatures
  An orc wizard (D:3)
  Ijyb (D:3)
  Terence (D:2)
  2 gnolls
  3 adders
  A dart slug (D:2)
  5 orcs
  2 endoplasms (D:1)
  4 giant cockroaches
  13 goblins
  3 hobgoblins
  5 quokkas
  4 ball pythons
  2 bats (D:2)
  2 frilled lizards
  4 kobolds
  7 rats
60 creatures vanquished.

Notes
Turn   | Place    | Note
-------+----------+-------------------------------------------
     0 | D:1      | qw the Gargoyle Hexslinger began the quest for the Orb.
     0 | D:1      | Reached XP level 1. HP: 12/12 MP: 2/2
     0 | D:1      | 0 ||| qw: Version: 0.3-a-52-g30416fa
     0 | D:1      | 0 ||| qw: Game counter: 5500
     0 | D:1      | 0 ||| qw: Melee chars always use a shield: true
     0 | D:1      | 0 ||| qw: God list: Okawaru
     0 | D:1      | 0 ||| qw: Allow faded altars: false
     0 | D:1      | 0 ||| qw: Do Orc after clearing Dungeon:15 true
     0 | D:1      | 0 ||| qw: Do second Lair branch before Depths: true
     0 | D:1      | 0 ||| qw: Lair rune preference: random
     0 | D:1      | 0 ||| qw: Goals: Normal
     0 | D:1      | 0 ||| PLANNING D:1-11
   171 | D:1      | Reached XP level 2. HP: 14/16 MP: 3/3
   393 | D:1      | Reached skill level 3 in Ranged Weapons
   691 | D:1      | Reached XP level 3. HP: 14/21 MP: 4/4
   921 | D:1      | 921 ||| UPGRADING to +0 ring mail.
   931 | D:1      | 931 ||| DROPPING +0 robe.
   932 | D:1      | 932 ||| READING scroll labelled IWYX LUIGG.
   933 | D:1      | 933 ||| READING scroll labelled KIK OLOMIUCET.
   933 | D:1      | Identified a scroll of acquirement
   933 | D:1      | 933 ||| ACQUIRING ring of Twilight {Fly rPois Str+4}
   933 | D:1      | Acquired the ring of Twilight {Fly rPois Str+4}
   935 | D:1      | 935 ||| UPGRADING to ring of Twilight {Fly rPois Str+4}.
   936 | D:1      | 936 ||| READING scroll labelled DILYMO FYEWAENUFA.
   937 | D:1      | 937 ||| DROPPING scroll of poison.
  1003 | D:2      | HP: 5/21 [gnoll/+0 spear (1)]
  1229 | D:2      | Reached XP level 4. HP: 23/26 MP: 5/5
  1256 | D:2      | Reached skill level 4 in Ranged Weapons
  1352 | D:2      | Noticed Terence
  1364 | D:2      | Killed Terence
  1365 | D:2      | Reached skill level 1 in Armour
  1606 | D:2      | 1606 ||| READING 2 scrolls labelled NILA FEIPNAU.
  1607 | D:2      | 1607 ||| DRINKING 2 emerald potions.
  1701 | D:3      | Noticed Ijyb
  1720 | D:3      | Killed Ijyb
  1721 | D:3      | Reached XP level 5. HP: 24/30 MP: 6/6
  1785 | D:3      | Found an iron altar of Okawaru.
  1786 | D:3      | 1786 ||| PLANNING OKAWARU WORSHIP
  1786 | D:3      | 1786 ||| READING scroll labelled RAREEVU UTON.
  1880 | D:3      | 1880 ||| READING 3 scrolls of identify.
  1880 | D:3      | 1880 ||| IDENTIFYING blue potion
  1881 | D:3      | 1881 ||| READING 2 scrolls of identify.
  1881 | D:3      | 1881 ||| IDENTIFYING bubbling amethyst potion
  1882 | D:3      | 1882 ||| DROPPING potion of brilliance.
  1913 | D:3      | Became a worshipper of Warmaster Okawaru
  1914 | D:3      | 1914 ||| PLANNING D:1-11
  2025 | D:3      | Found a hide-covered altar of Uskayaw.
  2155 | D:3      | Found a faded altar of an unknown god.
  2338 | D:3      | 2338 ||| UPGRADING to +0 pair of gloves.
  2343 | D:3      | 2343 ||| UPGRADING to +0 helmet.
  2348 | D:3      | 2348 ||| UPGRADING to +5 ring of evasion.
  2349 | D:3      | 2349 ||| READING scroll labelled WITHRY NOBLEIJI.
  2394 | D:4      | 2394 ||| STAIRDANCE
  2396 | D:3      | 2396 ||| DRINKING potion of curing.
  2396 | D:3      | 2396 ||| (to cure confusion)
  2404 | D:4      | 2404 ||| STAIRDANCE
  2411 | D:3      | HP: 6/30 [hobgoblin (3)]
  2412 | D:3      | 2412 ||| READING scroll of teleportation.
  2413 | D:3      | 2413 ||| DRINKING potion of heal wounds.
  2432 | D:4      | Reached skill level 5 in Ranged Weapons
  2466 | D:4      | HP: 6/31 [gnoll bouda/+0 club (4)]
  2468 | D:4      | HP: 2/31 [gnoll/+0 club[a gnoll bouda] (1)]
  2469 | D:4      | Slain by a gnoll

Levels and vault maps discovered:
D:1:      scummos_arrival_simple_crosswalls, layout_basic
D:2:      layout_rooms, minmay_misc_feat_secret_circle, st_stairs_9,
          minmay_cupped, uniq_terence
D:3:      layout_basic, mainiacjoe_overflow_brackets, general_overflow_altar,
          ebering_ecumenical_altar_rust, hangedman_decor_growths, uniq_ijyb
D:4:      layout_cave_pools

Skill      XL: |  1  2  3  4  5 |
---------------+----------------+-----
Ranged Weapons | 3 4 5 |  5.0
Fighting       | 2 |  2.3
Armour         | 1 |  1.6
Dodging        | |  1.5
Spellcasting   | |  1.0
Hexes          | |  2.6

Action                     |  1- 3 |  4- 6 || total
---------------------------+-------+-------++-------
   Fire: Sling             |   105 |   146 ||   251
    Use: Scroll            |     3 |     6 ||     9
         Potion            |       |     3 ||     3
 Armour: Robe              |    15 |       ||    15
         Ring mail         |    25 |    47 ||    72
  Dodge: Dodged            |    51 |   118 ||   169

Table legend:
 A = Non-vault XP
 B = Vault XP
 C = Vault XP percentage of total XP
 D = Non-vault monster count
 E = Vault monster count
 F = Vault count percentage of total count
                 A         B        C        D         E       F
            +---------+---------+-------+---------+---------+-------
      Total |     181 |      85 |  32.0 |      55 |       5 |   8.3
            +---------+---------+-------+---------+---------+-------
        D:1 |      35 |       0 |   0.0 |      22 |       0 |   0.0
        D:2 |      48 |      49 |  50.5 |      13 |       4 |  23.5
        D:3 |      72 |      36 |  33.3 |      14 |       1 |   6.7
        D:4 |      26 |       0 |   0.0 |       6 |       0 |   0.0
            +---------+---------+-------+---------+---------+-------
